 Dungeon Crawl Stone Soup version 0.23.2-40-g277498a001 (webtiles) character file.

Game seed: 1362173716979084276

1677326 gasznak the Conqueror (level 27, 273/273 HPs)
             Began as a Minotaur Berserker on Oct 18, 2019.
             Was the Champion of Trog.
             Escaped with the Orb
             ... and 3 runes on Oct 23, 2019!
             The game lasted 09:36:45 (83211 turns).

gasznak the Conqueror (Minotaur Berserker)         Turns: 83211, Time: 09:36:46

Health: 273/273    AC: 49    Str: 40    XL:     27
Magic:  8/8        EV: 22    Int:  4    God:    Trog [******]
Gold:   6889       SH: 21    Dex: 13    Spells: 26/26 levels left

rFire    + + +     SeeInvis +   a - +9 broad axe (antimagic)
rCold    + + +     Gourm    .   d - +2 shield
rNeg     + + +     Faith    .   I - +8 gold dragon scales
rPois    +         Spirit   .   l - +0 mask of the Dragon {MR+ Slay+3 SInv}
rElec    +         Reflect  .   O - +2 cloak "Lulurphod" {rC+ rN++ Stlth+}
rCorr    +         Harm     .   U - +2 pair of gloves {Str+3}
MR       ++++.                  N - +1 pair of boots of Nuvewike {rElec rPois rCorr}
Stlth    ..........             J - amulet of regeneration
HPRegen  0.95/turn              m - ring of Fosergh {rC+ rN+ Str+7}
MPRegen  0.11/turn              C - ring "Ilaemufy" {rElec rF++ MR+ AC+3 Str-2}

@: no status effects
A: retaliatory headbutt, horns 2, thin skeletal structure 1, clumsy 1, low mp 1,
sense surroundings 1, MP-powered wands
0: Orb of Zot
}: 3/15 runes: barnacled, silver, gossamer
a: Berserk, Trog's Hand, Brothers in Arms, Renounce Religion


You escaped.
You worshipped Trog.
Trog was exalted by your worship.
You were not hungry.

You visited 11 branches of the dungeon, and saw 53 of its levels.
You visited the Abyss 1 time.
You also visited: Bailey, Gauntlet, Ice Cave and Desolation.

You collected 9698 gold pieces.
You spent 2809 gold pieces at shops.

Inventory:

Hand Weapons
 a - a +9 antimagic broad axe (weapon)
 b - the +11 hand crossbow of Unreason {flame, rElec}
   (You took it off a yaktaur captain on level 5 of the Vaults)

   It causes projectiles fired from it to burn those they strike, causing extra
   injury to most foes and up to half again as much damage against particularly
   susceptible opponents.
   It insulates you from electricity.
 c - a +9 antimagic executioner's axe
Missiles
 k - 1389 bolts
Armour
 d - a +2 shield (worn)
 l - the +0 mask of the Dragon (worn) {MR+ Slay+3 SInv}
   (You found it on level 3 of the Elven Halls)

   It affects your accuracy and damage with ranged weapons and melee attacks
   (+3).
   It affects your resistance to hostile enchantments.
   It lets you see invisible.
 I - +8 gold dragon scales (worn)
 N - the +1 pair of boots of Nuvewike (worn) {rElec rPois rCorr}
   (You found it on level 4 of the Realm of Zot)

   It insulates you from electricity.
   It protects you from poison.
   It provides partial protection from all sources of acid and corrosion.
 O - the +2 cloak "Lulurphod" (worn) {rC+ rN++ Stlth+}
   (You bought it in a shop on level 2 of the Orcish Mines)

   It protects you from cold.
   It greatly protects you from negative energy.
   It makes you more stealthy.
 U - a +2 pair of gloves of strength (worn)
Jewellery
 m - the ring of Fosergh (left hand) {rC+ rN+ Str+7}
   (You took it off a deep elf demonologist on level 3 of the Elven Halls)

   [ring of positive energy]

   It affects your strength (+7).
   It protects you from cold.
   It protects you from negative energy.
 C - the ring "Ilaemufy" (right hand) {rElec rF++ MR+ AC+3 Str-2}
   (You took it off a deep elf elementalist on level 3 of the Elven Halls)

   [ring of protection]

   It affects your AC (+3).
   It affects your strength (-2).
   It greatly protects you from fire.
   It insulates you from electricity.
   It affects your resistance to hostile enchantments.
 J - an amulet of regeneration (around neck)
Scrolls
 e - 21 scrolls of remove curse
 h - 14 scrolls of identify
 o - 6 scrolls of fear
 r - 2 scrolls of enchant weapon
 u - 12 scrolls of immolation
 x - 5 scrolls of silence
 z - 10 scrolls of fog
 D - 26 scrolls of teleportation
 F - 6 scrolls of blinking
 H - 4 scrolls of magic mapping
 M - 2 scrolls of summoning
 P - 8 scrolls of brand weapon
Potions
 f - 5 potions of agility
 g - 10 potions of brilliance
 i - 3 potions of haste
 j - 2 potions of might
 p - 30 potions of curing
 q - 2 potions of resistance
 s - 8 potions of mutation
 t - 7 potions of berserk rage
 w - 9 potions of ambrosia
 B - 6 potions of heal wounds
 K - 2 potions of magic
 L - 8 potions of cancellation
 S - 7 potions of flight
 W - 4 potions of invisibility
Comestibles
 n - 85 rations


   Skills:
 O Level 27 Fighting
 O Level 27 Axes
   Level 13.4(21.8) Maces & Flails
 - Level 7.0 Crossbows
 O Level 27 Armour
 + Level 25.1 Dodging
 + Level 22.7 Shields
   Level 10.0 Evocations


You had 26 spell levels left.
You didn't know any spells.
Your spell library contained the following spells:

 Spells                   Type           Power        Failure   Level  Hunger
 Animate Skeleton         Necr           N/A          90%         1    ##.....
 Apportation              Tloc           #.....       90%         1    ##.....
 Beastly Appendage        Tmut           #.....       90%         1    ##.....
 Confusing Touch          Hex            #.....       90%         1    ##.....
 Corona                   Hex            #......      90%         1    ##.....
 Flame Tongue             Conj/Fire      #....        90%         1    ##.....
 Freeze                   Ice            #...         90%         1    ##.....
 Infusion                 Chrm           #...         90%         1    ##.....
 Magic Dart               Conj           #...         90%         1    ##.....
 Pain                     Necr           #...         90%         1    ##.....
 Sandblast                Erth           #.....       90%         1    ##.....
 Shock                    Conj/Air       #...         90%         1    ##.....
 Sting                    Conj/Pois      #...         90%         1    ##.....
 Summon Small Mammal      Summ           #...         90%         1    ##.....
 Blink                    Tloc           N/A          97%         2    ###....
 Call Imp                 Summ           #.......     97%         2    ###....
 Ensorcelled Hibernation  Hex/Ice        #.....       97%         2    ###....
 Passwall                 Tmut/Erth      #.......     97%         2    ###....
 Poisonous Vapours        Pois/Air       #.....       97%         2    ###....
 Searing Ray              Conj           #.....       97%         2    ###....
 Shroud of Golubria       Chrm/Tloc      #.........   97%         2    ###....
 Slow                     Hex            #.......     97%         2    ###....
 Song of Slaying          Chrm           #.......     97%         2    ###....
 Sticks to Snakes         Tmut           #.......     97%         2    ###....
 Swiftness                Chrm/Air       #.......     97%         2    ###....
 Throw Flame              Conj/Fire      #.....       97%         2    ###....
 Throw Frost              Conj/Ice       #.....       97%         2    ###....
 Call Canine Familiar     Summ           #.......     99%         3    ####...
 Confuse                  Hex            #.......     99%         3    ####...
 Conjure Flame            Conj/Fire      #.......     99%         3    ####...
 Dazzling Spray           Conj/Hex       #.....       99%         3    ####...
 Gell's Gravitas          Tloc           #.........   99%         3    ####...
 Inner Flame              Hex/Fire       #.......     99%         3    ####...
 Lesser Beckoning         Tloc           #.........   99%         3    ####...
 Mephitic Cloud           Conj/Pois/Air  #.......     99%         3    ####...
 Ozocubu's Armour         Chrm/Ice       #.......     99%         3    ####...
 Portal Projectile        Hex/Tloc       #.....       99%         3    ####...
 Regeneration             Chrm/Necr      #.........   99%         3    ####...
 Spectral Weapon          Hex/Chrm       #.......     99%         3    ####...
 Spider Form              Tmut/Pois      #.........   99%         3    ####...
 Static Discharge         Conj/Air       #.......     99%         3    ####...
 Stone Arrow              Conj/Erth      #.....       99%         3    ####...
 Summon Guardian Golem    Hex/Summ       #.......     99%         3    ####...
 Teleport Other           Tloc           #.......     99%         3    ####...
 Tukima's Dance           Hex            #.......     99%         3    ####...
 Vampiric Draining        Necr           #.........   99%         3    ####...
 Airstrike                Air            #.........   100%        4    #####..
 Animate Dead             Necr           N/A          100%        4    #####..
 Cause Fear               Hex            #.........   100%        4    #####..
 Force Lance              Conj/Tloc      #.......     100%        4    #####..
 Fulminant Prism          Conj/Hex       #.........   100%        4    #####..
 Ice Form                 Ice/Tmut       #.......     100%        4    #####..
 Iskenderun's Mystic Bla  Conj           #.......     100%        4    #####..
 Leda's Liquefaction      Hex/Erth       #.........   100%        4    #####..
 Olgreb's Toxic Radiance  Pois           #.......     100%        4    #####..
 Petrify                  Tmut/Erth      #.......     100%        4    #####..
 Sticky Flame             Conj/Fire      #.......     100%        4    #####..
 Summon Ice Beast         Ice/Summ       #.......     100%        4    #####..
 Summon Lightning Spire   Summ/Air       #.......     100%        4    #####..
 Throw Icicle             Conj/Ice       #.......     100%        4    #####..
 Agony                    Necr           #.......     100%        5    ######.
 Bolt of Draining         Conj/Necr      #.........   100%        5    ######.
 Bolt of Magma            Conj/Fire/Erth #.........   100%        5    ######.
 Dispel Undead            Necr           #.......     100%        5    ######.
 Excruciating Wounds      Chrm/Necr      #.........   100%        5    ######.
 Fireball                 Conj/Fire      #.........   100%        5    ######.
 Irradiate                Conj/Tmut      #.........   100%        5    ######.
 Lee's Rapid Deconstruct  Erth           #.........   100%        5    ######.
 Lightning Bolt           Conj/Air       #.........   100%        5    ######.
 Metabolic Englaciation   Hex/Ice        #.........   100%        5    ######.
 Silence                  Hex/Air        #.........   100%        5    ######.
 Summon Mana Viper        Hex/Summ       #.......     100%        5    ######.
 Venom Bolt               Conj/Pois      #.........   100%        5    ######.
 Yara's Violent Unravell  Hex/Tmut       #.........   100%        5    ######.
 Bolt of Cold             Conj/Ice       #.........   100%        6    #######
 Conjure Ball Lightning   Conj/Air       #.........   100%        6    #######
 Death Channel            Necr           #.........   100%        6    #######
 Deflect Missiles         Chrm/Air       #.........   100%        6    #######
 Dispersal                Tloc           #.........   100%        6    #######
 Freezing Cloud           Conj/Ice/Air   #.........   100%        6    #######
 Hydra Form               Tmut           #.........   100%        6    #######
 Iron Shot                Conj/Erth      #.........   100%        6    #######
 Ozocubu's Refrigeration  Ice            #.........   100%        6    #######
 Poison Arrow             Conj/Pois      #.........   100%        6    #######
 Simulacrum               Ice/Necr       #.........   100%        6    #######
 Statue Form              Tmut/Erth      #........    100%        6    #######
 Dragon Form              Tmut           #.........   100%        7    #######
 Malign Gateway           Summ/Tloc      #.........   100%        7    #######
 Ring of Flames           Chrm/Fire      #.........   100%        7    #######
 Chain Lightning          Conj/Air       #.........   100%        8    #######
 Controlled Blink         Tloc           N/A          100%        8    #######
 Discord                  Hex            #.........   100%        8    #######
 Disjunction              Tloc           #.........   100%        8    #######
 Lehudib's Crystal Spear  Conj/Erth      #.........   100%        8    #######
 Fire Storm               Conj/Fire      #.........   100%        9    #######
 Glaciate                 Conj/Ice       #.........   100%        9    #######
 Shatter                  Erth           #.........   100%        9    #######
 Tornado                  Air            #.........   100%        9    #######
 Passage of Golubria      Tloc           Unusable     N/A         4    N/A

Dungeon Overview and Level Annotations

Branches:
Dungeon (15/15)            Temple (0/1) D:5            Lair (6/6) D:10
 Shoals (4/4) Lair:4       Spider (4/4) Lair:4        Slime (0/5) Lair:5
    Orc (2/2) D:10            Elf (3/3) Orc:2        Vaults (5/5) D:13
  Crypt (3/3) Vaults:3       Tomb (1/3) Crypt:3      Depths (5/5) D:15
    Zot (5/5) Depths:5

Altars:
Cheibriados
Elyvilon
Gozag
Hepliaklqana
Kikubaaqudgha
Qazlal
Ru
Trog
Vehumet
Xom
Yredelemnul
Zin
Jiyva

Shops:
D:14 (*   Orc:1 %   Orc:2 [*:%*   Elf:2 :   Elf:3 (   Vaults:1 =   Vaults:2 :
Vaults:5 ?

Portals:
Hell: Depths:1 Depths:2 Depths:3 Depths:4 Depths:5
Abyss: Depths:1 Depths:4 Depths:5
Pandemonium: Depths:3 Depths:4
Ziggurat: Depths:3


Innate Abilities, Weirdness & Mutations

You reflexively headbutt those who attack you in melee.
You have a pair of horns on your head.
You have a somewhat thin skeletal structure. (Dex +2, Stealth)
You are clumsy. (Dex -2)
Your magical capacity is low. (-10% MP)
You passively map a small area around you.
You expend magic power (3 MP) to strengthen your wands.


Message History

You headbutt the Orb Guardian, but do no damage.
The Orb Guardian is lightly wounded.
The Orb Guardian closely misses you. You furiously retaliate!
You headbutt the Orb Guardian! You slice the Orb Guardian!!
The Orb Guardian is heavily wounded.
You block the Orb Guardian's attack.
You slice the Orb Guardian!! Your headbutt misses the Orb Guardian.
The Orb Guardian is almost dead.
You cut the Orb Guardian into ribbons!!!!
You kill the Orb Guardian!
Trog accepts your kill.
k - 1389 bolts (gained 11)
You are feeling hungry.
You eat one of the 86 rations.
That ration really hit the spot!
Your extra speed is starting to run out.
You see here a +2 dagger of electrocution.
There is a staircase leading out of the dungeon here.
You feel yourself slow down.
You have escaped!

##.# #..#.# #.# ####X#
#..#.# #.# #...>#
#..#.# #.# #.####
##..#.# #.# #.#
############8..#.# #.#
#.# #..............#.#
#.# #.#
#.#####...##8..#.#
###.# #.# #.#
#.....##..#.# #...#
#.# #.# ##.@.###.#..#
#.### #.# #.#
#.....##.#.## #.# #.#
#.#####...##8.#.# #.#
#.####...............#
#.#
#....############8)..#
#.# ####.#
#...........# #.# #.#
#.#########.# #.# #.#
#.# #.# #.# #.# #.#
#.# #.#


There were no monsters in sight!

Vanquished Creatures
  12 ancient liches
  5 orbs of fire
  2 juggernauts
  A greater mummy (Tomb:1)
  Boris (twice) (Crypt:2 Crypt:3)
  Sojobo (Crypt:2)
  Bai Suzhen (Vaults:3)
  The ghost of Alunk the Bludgeoner, a legendary GnFi of Cheibriados (Zot:4)
  9 Killer Klowns
  A curse toe (Zot:3)
  Xtahua (Depths:4)
  Nikola (Shoals:4)
  9 golden dragons
  Jory (Crypt:2)
  the Enchantress (Depths:3)
  A bone dragon (Depths:5)
  3 electric golems
  Rupert (D:13)
  6 liches
  Jorgrun (D:12)
  An Ice Fiend (Depths:5)
  9 tentacled monstrosities
  3 deep elf blademasters
  2 deep elf master archers (Elf:3)
  27 Orb Guardians
  Asterion (Depths:2)
  8 quicksilver dragons
  11 sphinxes
  10 death cobs
  3 titans
  An Executioner (Depths:1)
  11 tengu reavers
  7 shadow dragons
  Donald (Vaults:4)
  18 storm dragons
  5 draconian monks
  11 fire giants
  6 draconian knights
  4 revenants (Tomb:1)
  The ghost of rlgrobin the Bludgeoner, a journeyman DDBe of Trog (D:15)
  16 frost giants
  5 iron dragons
  14 vault wardens
  7 deep elf sorcerers
  10 emperor scorpions
  4 ghost moths
  9 draconian scorchers
  Louise (Shoals:4)
  2 imperial myrmidons (Desolation)
  An orc warlord (Orc:1)
  5 ghouls
  The ghost of kalagan the Geomancer, a journeyman GrEE of Sif Muna (Elf:1)
  8 draconian stormcallers
  7 draconian shifters
  5 reapers
  3 draconian annihilators
  A curse skull (Crypt:1)
  8 spriggan defenders
  7 deep elf elementalists
  6 entropy weavers
  15 ironheart preservers
  3 war gargoyles (Vaults:5)
  12 vampire knights
  29 stone giants
  6 caustic shrike skeletons (Depths:3)
  10 deep elf demonologists
  16 green draconians
  Azrael (D:13)
  26 very ugly things
  15 black draconians
  Nessos (D:12)
  20 yellow draconians
  A lorocyproca (D:9)
  11 red draconians
  5 deep elf annihilators
  A halazid warlock (Desolation)
  7 white draconians
  13 purple draconians
  12 eidola
  2 minotaurs
  9 spark wasps
  3 mummy priests
  15 deep elf death magi
  A merfolk javelineer (Shoals:4)
  Snorg (Orc:1)
  17 ettins
  2 quicksilver dragon zombies (Crypt:3)
  A crystal guardian (Desolation)
  2 blizzard demons (IceCv)
  A green death (Vaults:5)
  10 great orbs of eyes
  10 ragged hierophants (Desolation)
  8 jiangshi
  Josephine (D:12)
  A death ooze (Gauntlet)
  15 ice dragons
  4 merfolk impalers
  5 servants of whispers (Desolation)
  18 ogre magi
  10 fire dragons
  21 yaktaur captains
  9 deep elf high priests
  Fannar (D:12)
  32 vault guards
  10 hydras
  An ice dragon (shapeshifter) (D:15)
  2 alligator snapping turtles (Shoals:3)
  8 peacekeepers (Desolation)
  Erica (D:11)
  6 spriggan air magi
  4 catoblepae
  6 merfolk aquamancers
  5 merfolk avatars
  An anaconda (shapeshifter) (Vaults:5)
  62 two-headed ogres
  12 centaur warriors
  9 death knights
  A queen ant (Spider:4)
  2 satyrs
  8 death scarabs (Tomb:1)
  8 deep troll shamans
  4 deep troll earth magi
  28 dancing weapons
  6 tengu warriors
  5 vampire magi
  Urug (D:11)
  13 death yaks
  A storm dragon zombie (Crypt:3)
  13 spriggan berserkers
  3 hell knights
  2 spectral storm dragons (Crypt:1)
  26 deep elf knights
  2 titan zombies (Crypt:3)
  5 soul eaters
  2 wretched stars (Abyss:2)
  51 spriggans
  A sun demon (Abyss:2)
  An iron troll (Depths:2)
  A fire crab (shapeshifter) (Vaults:4)
  A sixfirhy (Depths:4)
  5 sea snakes
  18 skeletal warriors
  26 deep trolls
  An entropy weaver zombie (Crypt:2)
  10 flayed ghosts
  2 shadow wraiths
  A gelid demonspawn (Depths:4)
  2 storm dragon skeletons
  7 unseen horrors
  7 spriggan druids (Depths:3)
  6 glowing orange brains
  A ghost moth zombie (Crypt:3)
  10 wizards
  A shadow demon (Depths:4)
  A spatial maelstrom (Abyss:2)
  23 phantasmal warriors
  A lindwurm (shapeshifter) (Vaults:4)
  17 deep elf archers
  A lindwurm (Lair:4)
  22 ironbrand convokers
  A golden dragon skeleton (Crypt:3)
  22 necromancers
  3 wolf spider zombies
  A tengu zombie (Depths:1)
  39 wolf spiders
  12 orc knights
  62 deep elf magi
  28 harpies
  2 stone giant zombies (Crypt:3)
  2 orc sorcerers
  A frost giant zombie (Crypt:3)
  35 ugly things
  28 orb spiders
  26 moths of wrath
  A mana viper (shapeshifter) (Vaults:4)
  A spectral fire dragon (Crypt:1)
  An iron dragon zombie (Crypt:3)
  26 fauns
  3 oklob plants
  12 manticores
  A shadow dragon skeleton (Tomb:1)
  A worldbinder (Abyss:2)
  11 cyclopes
  3 salamanders (shapeshifter)
  A spectral ice dragon (Crypt:1)
  6 merfolk sirens
  2 moths of wrath (shapeshifter)
  3 elephants (Lair:6)
  A fire giant skeleton (Abyss:2)
  A molten gargoyle (Desolation)
  A stone giant skeleton (Vaults:2)
  5 centaur zombies
  2 orc zombies (Vaults:2)
  13 vault sentinels
  5 black mambas
  An eye of devastation (shapeshifter) (Depths:1)
  2 human skeletons (Vaults:2)
  5 ice statues
  5 water nymphs
  Psyche (D:11)
  A guardian serpent (shapeshifter) (Depths:2)
  An orange demon (Depths:4)
  2 human zombies
  A shock serpent skeleton (Crypt:2)
  7 spiny frogs
  A rust devil (Depths:1)
  A smoke demon (Abyss:2)
  5 centaur skeletons
  13 freezing wraiths
  A dire elephant skeleton (Crypt:3)
  24 yaktaurs
  3 kobold demonologists
  A death yak skeleton (Crypt:2)
  3 rime drakes
  2 yaktaur skeletons (Vaults:2)
  9 komodo dragons
  6 anaconda simulacra (IceCv)
  13 hellwings (Crypt:3)
  An efreet (D:14)
  9 trolls
  6 tengu conjurers
  11 ice devils
  11 demonic crawlers
  A minotaur skeleton (Crypt:3)
  A jumping spider (shapeshifter) (Elf:1)
  2 hydra zombies
  2 queen bees (shapeshifter)
  A troll (shapeshifter) (Vaults:2)
  10 guardian mummies (Tomb:1)
  38 jumping spiders
  The ghost of beardedkeet the Chopper, an amateur HOFi (D:4)
  25 merfolk
  A wind drake (shapeshifter) (Depths:4)
  2 hydra skeletons
  4 wind drakes
  31 hornets
  A bog body (Crypt:2)
  42 saltlings (Desolation)
  A slime creature (shapeshifter) (Depths:1)
  11 blink frogs
  2 harpy skeletons
  A meliai zombie (D:13)
  An ettin zombie (Crypt:3)
  An alligator zombie (Crypt:3)
  22 slime creatures
  10 hippogriffs
  A spriggan zombie (Depths:1)
  6 dream sheep (Lair:4)
  9 snapping turtles
  25 tarantellas
  A blink frog (shapeshifter) (Vaults:3)
  24 flying skulls
  A centaur simulacrum (D:14)
  67 redbacks
  16 wraiths
  2 shadows
  2 basilisks (shapeshifter)
  A black mamba skeleton (Crypt:3)
  2 ettin skeletons
  3 ushabtiu
  A wyvern (D:14)
  2 hogs (shapeshifter)
  16 water elementals
  64 yaks
  A basilisk (Lair:4)
  2 golden eyes (shapeshifter)
  A golden eye (Zot:3)
  A spriggan (shapeshifter) (Vaults:4)
  A yak (shapeshifter) (Elf:3)
  2 steam dragons
  A chaos spawn (Depths:4)
  16 humans (D:13)
  3 fire elementals
  2 human simulacra
  2 hungry ghosts
  5 vampire mosquitoes (D:15)
  3 wargs
  Menkaure (D:6)
  3 iron troll simulacra (IceCv)
  Edmund (D:4)
  3 large abominations (Abyss:2)
  A harpy simulacrum (IceCv)
  A soldier ant (shapeshifter) (Elf:1)
  31 soldier ants
  4 acid dragons
  5 hell hounds (D:13)
  9 water moccasins
  A spiny frog zombie (Crypt:3)
  13 porcupines
  An elephant zombie (Crypt:1)
  38 orc warriors
  A phantom (D:4)
  A sky beast (D:11)
  2 eyes of draining
  A fire dragon simulacrum (Crypt:1)
  3 ice beasts
  A black bear (D:10)
  A tengu (shapeshifter) (Vaults:5)
  14 wolves
  14 boggarts
  A manticore zombie (Crypt:3)
  49 ogres
  22 centaurs
  A snapping turtle skeleton (Crypt:3)
  15 crocodiles
  A crocodile (shapeshifter) (Vaults:5)
  14 big kobolds
  Blork the orc (D:4)
  23 bullfrogs
  A komodo dragon zombie (Crypt:1)
  A gnoll sergeant (D:10)
  2 glowing shapeshifter simulacra
  An earth elemental (Elf:2)
  An elf skeleton (Crypt:1)
  7 wyvern skeletons (Crypt:3)
  3 scorpions
  A yak zombie (Crypt:2)
  A hornet simulacrum (Vaults:1)
  4 small abominations (Abyss:2)
  14 killer bees
  3 wights
  5 howler monkeys
  7 electric eels
  9 crimson imps
  3 bullfrog zombies
  7 hounds
  7 jellies
  4 quasits
  12 orc priests
  2 iron imps (Depths:4)
  4 iguanas
  17 orc wizards
  7 hell rats (Lair:2)
  26 worker ants
  A crocodile zombie (Crypt:1)
  A hound zombie (Crypt:1)
  13 mummies
  4 hound skeletons
  Robin (D:2)
  12 gnolls
  15 adders
  A naga simulacrum (Crypt:1)
  4 shadow imps
  A white imp (Depths:4)
  An adder skeleton (Crypt:2)
  An iguana skeleton (Crypt:2)
  5 worms
  A barachi skeleton (Crypt:2)
  4 dart slugs
  3 leopard geckos (D:4)
  89 orcs
  3 ball pythons
  A bat zombie (Crypt:1)
  5 giant cockroaches
  25 goblins
  14 hobgoblins
  15 jackals
  54 kobolds
  12 quokkas
  2 bats
  4 frilled lizards
  A frilled lizard zombie (Crypt:1)
  A goblin zombie (Crypt:1)
  A quokka skeleton (D:2)
  8 rats
  A block of ice (D:9)
  2 crawling corpses (Depths:1)
  A lurking horror (Abyss:2)
  3 pillars of salt (Elf:2)
  5 plants
  2 withered plants (Crypt:3)
2942 creatures vanquished.

Vanquished Creatures (collateral kills)
  A rakshasa (Vaults:1)
  A deep elf archer (Vaults:1)
  A gelid demonspawn (D:3)
  3 slime creatures (Vaults:1)
6 creatures vanquished.

Vanquished Creatures (others)
  A purple draconian (Zot:3)
  A fire dragon (Depths:1)
  A vampire mage (Depths:1)
  A hell knight (Vaults:4)
  A shadow demon (D:9)
  An orc knight (Vaults:2)
  A deep elf archer (Vaults:2)
  A necromancer (Vaults:2)
  A merfolk siren (Shoals:1)
  A queen bee (shapeshifter) (Elf:2)
  A wind drake (Shoals:4)
  A human (D:8)
  An ogre (Vaults:3)
  A crimson imp (D:7)
  A worker ant (Spider:4)
  A kobold (D:8)
  8 demonic plants (Gauntlet)
  41 fungi
  13 plants
  2 withered plants (Crypt:3)
80 creatures vanquished.

Grand Total: 3028 creatures vanquished

Notes
Turn   | Place    | Note
-------+----------+-------------------------------------------
     0 | D:1      | gasznak the Minotaur Berserker began the quest for the Orb.
     0 | D:1      | Reached XP level 1. HP: 19/19 MP: 0/0
   336 | D:1      | Reached XP level 2. HP: 23/27 MP: 1/1
   894 | D:1      | Reached XP level 3. HP: 33/33 MP: 2/2
  1006 | D:2      | Reached skill level 1 in Shields
  1156 | D:2      | Reached ** piety under Trog
  1254 | D:2      | Found a white marble altar of Elyvilon.
  1260 | D:2      | Noticed Robin
  1267 | D:2      | Reached XP level 4. HP: 41/41 MP: 3/3
  1289 | D:2      | Killed Robin
  1464 | D:2      | Found a faded altar of an unknown god.
  1608 | D:2      | Found a bloodstained altar of Trog.
  1924 | D:2      | Noticed a hippogriff
  1958 | D:2      | Killed a hippogriff
  1958 | D:2      | Reached skill level 5 in Fighting
  1958 | D:2      | Reached skill level 5 in Axes
  1958 | D:2      | Reached XP level 5. HP: 48/48 MP: 4/4
  1958 | D:2      | Reached XP level 6. HP: 56/56 MP: 5/5
  2174 | D:3      | Reached *** piety under Trog
  3199 | D:4      | Found a runed translucent door.
  3329 | D:4      | Reached skill level 1 in Maces & Flails
  3372 | D:4      | Reached skill level 5 in Armour
  3372 | D:4      | Reached XP level 7. HP: 45/62 MP: 6/6
  3486 | D:4      | Reached **** piety under Trog
  3658 | D:4      | Noticed Blork the orc
  3667 | D:4      | Killed Blork the orc
  3864 | D:4      | Noticed Edmund
  3889 | D:4      | Killed Edmund
  3889 | D:4      | Reached skill level 5 in Shields
  4293 | D:4      | Noticed beardedkeet's ghost (amateur HOFi)
  4303 | D:4      | Killed beardedkeet's ghost
  4303 | D:4      | Reached XP level 8. HP: 71/71 MP: 7/7
  4364 | D:5      | Entered Level 5 of the Dungeon
  4420 | D:5      | Found a sacrificial altar of Ru.
  4816 | D:5      | Found a staircase to the Ecumenical Temple.
  4926 | D:5      | You fall through a shaft for 3 floors!
  5128 | D:5      | Found a glowing silver altar of Zin.
  5754 | D:6      | Noticed Menkaure
  5772 | D:6      | Killed Menkaure
  6065 | D:6      | Reached skill level 5 in Maces & Flails
  6101 | D:6      | Reached ***** piety under Trog
  6361 | D:6      | Reached XP level 9. HP: 81/81 MP: 8/8
  7308 | D:7      | Found a stormy altar of Qazlal.
  7686 | D:7      | Found an opulent altar of Gozag.
  8505 | D:8      | Received a gift from Trog
  8505 | D:8      | Reached XP level 10. HP: 86/91 MP: 9/9
  8632 | D:8      | Found an ancient bone altar of Kikubaaqudgha.
  9126 | D:9      | Found a hazy altar of Hepliaklqana.
  9429 | D:9      | Found a bloodstained altar of Trog.
  9496 | D:9      | Found a basalt altar of Yredelemnul.
  9660 | D:10     | Entered Level 10 of the Dungeon
  9873 | D:10     | Killed an unseen horror
  9873 | D:10     | Reached skill level 10 in Fighting
 10210 | D:10     | Found a staircase to the Lair.
 10256 | D:10     | Killed an unseen horror
 10256 | D:10     | Reached skill level 10 in Armour
 10653 | D:10     | Noticed a two-headed ogre
 10669 | D:10     | Killed a two-headed ogre
 10669 | D:10     | Reached skill level 10 in Shields
 10669 | D:10     | Reached XP level 11. HP: 68/101 MP: 3/10
 10758 | D:10     | Found a staircase to the Orcish Mines.
 11115 | Lair:1   | Entered Level 1 of the Lair of Beasts
 11544 | Lair:1   | Reached skill level 10 in Maces & Flails
 13150 | Lair:3   | Reached XP level 12. HP: 106/112 MP: 3/11
 13610 | Lair:3   | Noticed a six-headed hydra
 13619 | Lair:3   | Killed a six-headed hydra
 14432 | Lair:4   | Found a hole to the Spider Nest.
 14555 | Lair:4   | Noticed a catoblepas
 14565 | Lair:4   | Killed a catoblepas
 14821 | Lair:4   | Noticed a six-headed hydra
 14837 | Lair:4   | Killed a six-headed hydra
 14906 | Lair:4   | Found a staircase to the Shoals.
 15387 | Lair:4   | Noticed a four-headed hydra
 15397 | Lair:4   | Killed a four-headed hydra
 15609 | Lair:4   | Received a gift from Trog
 15847 | Lair:5   | Reached XP level 13. HP: 118/122 MP: 4/12
 15905 | Lair:5   | Got a twisted cloak
 15907 | Lair:5   | Found a staircase to the Slime Pits.
 15908 | Lair:5   | Found a viscous altar of Jiyva.
 15946 | Lair:5   | Identified the cursed +0 cloak "Pasch" {Slay+2 SInv} (You
                  | found it on level 5 of the Lair of Beasts)
 16342 | Lair:6   | Entered Level 6 of the Lair of Beasts
 17818 | Lair:6   | Received a gift from Trog
 18704 | Orc:1    | Entered Level 1 of the Orcish Mines
 18761 | Orc:1    | Noticed an ettin
 18774 | Orc:1    | Killed an ettin
 19002 | Orc:1    | Noticed Snorg
 19017 | Orc:1    | Killed Snorg
 19017 | Orc:1    | Reached XP level 14. HP: 133/133 MP: 13/13
 19175 | Orc:1    | Noticed an orc warlord
 19196 | Orc:1    | Killed an orc warlord
 19409 | Orc:2    | Entered Level 2 of the Orcish Mines
 19409 | Orc:2    | Found a staircase to the Elven Halls.
 19440 | Orc:2    | Reached ****** piety under Trog
 19449 | Orc:2    | Paralysed by an ogre mage for 2 turns
 19462 | Orc:2    | Received a gift from Trog
 19475 | Orc:2    | Reached skill level 15 in Fighting
 19760 | Orc:2    | Reached skill level 15 in Armour
 20049 | Orc:2    | Reached skill level 15 in Shields
 20192 | Orc:2    | Found Qumoub's General Store.
 20458 | Orc:2    | Found Opnotoif's Assorted Antiques.
 20458 | Orc:2    | Found Caroynt's Antique Armour Boutique.
 20459 | Orc:2    | Found Coatug's Food Shop.
 20459 | Orc:2    | Found Jikligig's Book Emporium.
 20653 | Orc:1    | Found Akkareqyon's Food Emporium.
 20883 | Spider:1 | Entered Level 1 of the Spider Nest
 21609 | Spider:1 | You fall through a shaft!
 21618 | Spider:1 | Received a gift from Trog
 21719 | Spider:1 | Reached XP level 15. HP: 143/143 MP: 14/14
 21780 | Spider:1 | Reached skill level 10 in Axes
 23482 | Spider:1 | HP: 7/145 [disintegration (20)]
 25241 | Spider:2 | Received a gift from Trog
 26958 | Spider:3 | Reached XP level 16. HP: 155/155 MP: 15/15
 27207 | Spider:4 | Entered Level 4 of the Spider Nest
 27481 | Spider:4 | Received a gift from Trog
 29984 | Spider:4 | Received a gift from Trog
 30381 | Spider:4 | Got a gossamer rune of Zot
 30799 | Orc:2    | Bought the +2 cloak "Lulurphod" {rC+ rN++ Stlth+} for 543
                  | gold pieces
 30833 | Orc:2    | Bought a pair of glowing gloves for 247 gold pieces
 30833 | Orc:2    | Bought a notched granite ring for 165 gold pieces
 30833 | Orc:2    | Bought a scroll labeled GUNUOL IRICOR for 33 gold pieces
 30834 | Orc:2    | Bought a scroll of identify for 66 gold pieces
 30834 | Orc:2    | Bought a scroll of identify for 66 gold pieces
 31067 | Shoals:1 | Entered Level 1 of the Shoals
 31119 | Shoals:1 | Got a faintly glowing spear
 31145 | Shoals:1 | Identified the +8 spear of Freehold {elec, rN+ Str-2 Int+4}
                  | (You found it on level 1 of the Shoals)
 31592 | Shoals:1 | HP: 1/159 [merfolk aquamancer/torrent of water (24)]
 32333 | Shoals:1 | Reached XP level 17. HP: 166/166 MP: 16/16
 32579 | Shoals:2 | Received a gift from Trog
 33223 | Shoals:2 | Reached skill level 5 in Dodging
 34733 | Shoals:4 | Entered Level 4 of the Shoals
 34733 | Shoals:4 | Found a snail-covered altar of Cheibriados.
 35159 | Shoals:4 | Identified the +4 hand axe "Otiesuck" {venom, *Corrode
                  | rPois Int+2}
 35252 | Shoals:4 | Reached skill level 15 in Axes
 35293 | Shoals:4 | Noticed Louise
 35314 | Shoals:4 | Killed Louise
 35314 | Shoals:4 | Received a gift from Trog
 36052 | Shoals:4 | Noticed Nikola
 36065 | Shoals:4 | Killed Nikola
 36302 | Shoals:4 | Got a barnacled rune of Zot
 36847 | D:11     | Received a gift from Trog
 36895 | D:11     | Found a flagged portal.
 36896 | D:11     | Noticed Urug
 36905 | D:11     | Killed Urug
 36916 | Bailey   | Entered a bailey
 37092 | Bailey   | Identified a scroll of acquirement
 37181 | D:11     | Noticed Psyche
 37247 | D:11     | Killed Psyche
 37509 | D:11     | Noticed Erica
 37511 | D:11     | Killed Erica
 37655 | D:11     | Found a radiant altar of Vehumet.
 38023 | D:12     | Noticed Josephine
 38039 | D:12     | Killed Josephine
 38066 | D:12     | Noticed Fannar
 38092 | D:12     | Killed Fannar
 38302 | D:12     | Noticed Nessos
 38316 | D:12     | Killed Nessos
 38316 | D:12     | Reached XP level 18. HP: 170/176 MP: 17/17
 38490 | D:12     | Noticed Jorgrun
 38501 | D:12     | Killed Jorgrun
 38652 | D:12     | Reached skill level 1 in Evocations
 38889 | D:13     | Found a gate leading to a gauntlet.
 38909 | Gauntlet | Entered a Gauntlet
 38909 | Gauntlet | Found a transporter.
 38918 | Gauntlet | Found a transporter.
 38934 | Gauntlet | Found a transporter.
 38942 | Gauntlet | Found a transporter.
 38962 | Gauntlet | Found a transporter.
 38977 | Gauntlet | Found a transporter.
 38989 | Gauntlet | Found a transporter.
 39001 | Gauntlet | Found a transporter.
 39013 | Gauntlet | Found a transporter.
 39025 | Gauntlet | Found a transporter.
 39043 | Gauntlet | Found a transporter.
 39061 | Gauntlet | Found a transporter.
 39063 | Gauntlet | Found a transporter.
 39091 | Gauntlet | Found a transporter.
 39093 | Gauntlet | Found a transporter.
 39095 | Gauntlet | Found a transporter.
 39123 | Gauntlet | Found a transporter.
 39125 | Gauntlet | Found a transporter.
 39330 | Gauntlet | Got a faintly glowing granite ring
 39339 | Gauntlet | Got a warped flail
 39344 | Gauntlet | Identified the ring "Ruarruh" {MP+9 Int+5} (You found it in
                  | a Gauntlet)
 39345 | Gauntlet | Identified the +5 flail of Fipriohe {elec, +Blink Str-4
                  | Dex+7} (You found it in a Gauntlet)
 39429 | Gauntlet | Identified the Tome of Transmigration
 39462 | Gauntlet | Got an ichor-stained leather armour
 39466 | Gauntlet | Identified the Almanac of Indecent Exposure
 39501 | Gauntlet | Identified the cursed +1 leather armour of the Swamp {rF-
                  | Regen+ MP+9 Int+3} (You found it in a Gauntlet)
 39515 | Gauntlet | Got a pair of blackened boots
 39548 | D:13     | Identified the -6 pair of boots of the City {rElec Slay+2}
                  | (You found it in a Gauntlet)
 39808 | D:13     | Found a gate to the Vaults.
 40433 | D:13     | Noticed Rupert
 40441 | D:13     | Killed Rupert
 40664 | D:13     | Noticed Azrael
 40684 | D:13     | Killed Azrael
 40751 | D:14     | Found Yruuliuxt's Weapon Emporium.
 40825 | D:14     | Received a gift from Trog
 41368 | D:14     | Found Codaum's General Store.
 41684 | D:14     | Got a crude halberd
 41690 | D:14     | Identified the +8 halberd of Defiance {freeze, +Rage rC+
                  | MP+9} (You found it on level 14 of the Dungeon)
 41722 | D:15     | Entered Level 15 of the Dungeon
 41784 | D:15     | Found a runed translucent gate.
 41785 | D:15     | Found a runed translucent gate.
 41786 | D:15     | Found a runed translucent gate.
 41788 | D:15     | Noticed rlgrobin's ghost (journeyman DDBe)
 41872 | D:15     | Killed rlgrobin's ghost
 42065 | D:15     | Found a staircase to the Depths.
 42202 | D:15     | Found a huge runed gate.
 42203 | D:15     | Found a huge runed gate.
 42203 | D:15     | Found a huge runed gate.
 42204 | D:15     | Found a huge runed gate.
 42204 | D:15     | Found a huge runed gate.
 42205 | D:15     | Found a huge runed gate.
 42206 | D:15     | Found a huge runed gate.
 42266 | D:15     | Received a gift from Trog
 42311 | D:15     | Found a huge runed gate.
 42311 | D:15     | Found a huge runed gate.
 42312 | D:15     | Found a huge runed gate.
 42314 | D:15     | Found a huge runed gate.
 42315 | D:15     | Found a huge runed gate.
 42315 | D:15     | Found a huge runed gate.
 42315 | D:15     | Found a huge runed gate.
 42321 | D:15     | Found a huge runed gate.
 42321 | D:15     | Found a huge runed gate.
 42321 | D:15     | Found a huge runed gate.
 42321 | D:15     | Found a huge runed gate.
 42321 | D:15     | Found a huge runed gate.
 42321 | D:15     | Found a huge runed gate.
 42321 | D:15     | Found a huge runed gate.
 42322 | D:15     | Found a huge runed gate.
 42323 | D:15     | Found a huge runed gate.
 42351 | D:15     | Found a huge runed gate.
 42352 | D:15     | Found a huge runed gate.
 43115 | Depths:1 | Entered Level 1 of the Depths
 43203 | Vaults:1 | Entered Level 1 of the Vaults
 43248 | Vaults:1 | Reached skill level 10 in Dodging
 43324 | Vaults:1 | Paralysed by a wizard for 2 turns
 43332 | Vaults:1 | Reached skill level 5 in Evocations
 43332 | Vaults:1 | Reached XP level 19. HP: 184/184 MP: 21/21
 43828 | Vaults:1 | Found Luniyfom's Jewellery Emporium.
 44059 | Vaults:1 | Received a gift from Trog
 44091 | Vaults:1 | You fall through a shaft!
 44397 | Vaults:2 | Found Cihu Dot's Book Boutique.
 45010 | Vaults:1 | Received a gift from Trog
 45556 | Vaults:2 | Noticed a lich
 45923 | Vaults:2 | Received a gift from Trog
 46418 | Vaults:3 | Reached XP level 20. HP: 195/195 MP: 24/24
 46561 | Vaults:3 | Found a staircase to the Crypt.
 48409 | Vaults:3 | Received a gift from Trog
 49150 | Vaults:3 | Noticed Bai Suzhen
 49172 | Vaults:3 | Killed Bai Suzhen
 49322 | Vaults:4 | Noticed Donald
 49344 | Vaults:4 | Killed Donald
 50267 | Vaults:4 | Received a gift from Trog
 50348 | Vaults:4 | Reached XP level 21. HP: 189/206 MP: 26/26
 51007 | Vaults:5 | Entered Level 5 of the Vaults
 51045 | Vaults:4 | Cast into level 2 of the Abyss (vault guard)
 51276 | Abyss:2  | Received a gift from Trog
 51306 | Abyss:2  | Found a shadowy altar of Dithmenos.
 51308 | Vaults:4 | Escaped the Abyss
 51691 | Vaults:5 | Noticed an ancient lich
 51943 | Vaults:4 | Killed an ancient lich
 52157 | Vaults:5 | Noticed an ancient lich
 52187 | Vaults:4 | Reached skill level 10 in Evocations
 53086 | Vaults:5 | Killed an ancient lich
 53370 | Vaults:5 | Received a gift from Trog
 53497 | Vaults:5 | Identified the ring of Naesk {Fire Slay+2}
 53765 | Vaults:5 | Reached XP level 22. HP: 215/215 MP: 9/28
 54075 | Vaults:5 | Identified the +11 battleaxe of Circularity {venom, Int+6}
 54268 | Vaults:5 | Noticed a golden dragon
 54280 | Vaults:5 | Received a gift from Trog
 54291 | Vaults:5 | Killed a golden dragon
 54469 | Vaults:5 | Noticed an ancient lich
 54484 | Vaults:5 | Killed an ancient lich
 54484 | Vaults:5 | Reached skill level 15 in Dodging
 54662 | Vaults:5 | Got a smoking hand crossbow
 54673 | Vaults:5 | Identified the +9 hand crossbow "Jurhysos" {flame, rElec
                  | MR+ Stlth+} (You found it on level 5 of the Vaults)
 54701 | Vaults:5 | Got a polished great sword
 54709 | Vaults:5 | Identified the +6 great sword "Blob" {vamp, rN+} (You found
                  | it on level 5 of the Vaults)
 54818 | Vaults:5 | Identified the +8 dire flail of Linearity {venom, *Corrode
                  | rF+ MR+ Dex+5}
 54878 | Vaults:5 | Identified Mokho's Papyrus of Destructive Cold
 54997 | Vaults:5 | Got a silver rune of Zot
 55161 | Vaults:5 | Found Juteozaf's Magic Scroll Emporium.
 55173 | Vaults:5 | Bought a scroll of identify for 46 gold pieces
 55173 | Vaults:5 | Bought a scroll of teleportation for 69 gold pieces
 55173 | Vaults:5 | Bought a scroll of remove curse for 69 gold pieces
 55173 | Vaults:5 | Bought a scroll of identify for 46 gold pieces
 55173 | Vaults:5 | Bought a scroll of teleportation for 69 gold pieces
 55173 | Vaults:5 | Bought a scroll of remove curse for 69 gold pieces
 55173 | Vaults:5 | Bought a scroll of remove curse for 69 gold pieces
 55173 | Vaults:5 | Bought a scroll of enchant weapon for 172 gold pieces
 55342 | Vaults:5 | Identified the +11 hand crossbow of Unreason {flame, rElec}
 56080 | Vaults:5 | Identified the Reference Book on Feathers
 56658 | Elf:1    | Entered Level 1 of the Elven Halls
 56728 | Elf:1    | Found a frozen archway.
 56745 | IceCv    | Entered an ice cave
 56827 | IceCv    | Received a gift from Trog
 57279 | Elf:1    | Found a radiant altar of Vehumet.
 57454 | Elf:1    | Found a runed translucent door.
 57454 | Elf:1    | Found a shimmering altar of Xom.
 57454 | Elf:1    | Noticed kalagan's ghost (journeyman GrEE)
 57477 | Elf:1    | Killed kalagan's ghost
 57481 | Elf:1    | Got an ichor-stained great mace
 57491 | Elf:1    | Identified the +12 great mace of Armageddon {venom, rC+}
                  | (You found it on level 1 of the Elven Halls)
 57640 | Elf:1    | Received a gift from Trog
 57644 | Elf:1    | Reached XP level 23. HP: 216/227 MP: 9/29
 58160 | Elf:2    | Found Jaich's Book Shoppe.
 58240 | Elf:2    | Found a ruined gateway.
 58276 | Desolati | Entered the Desolation of Salt
 58365 | Desolati | Received a gift from Trog
 58438 | Desolati | Identified the Reference Book on Displacement and
                  | Enhancements
 58445 | Desolati | Got a crude brass amulet
 58446 | Desolati | Identified the Papyrus of Circular Logic
 58810 | Desolati | Identified the Tome of Hurtful Displacement
 58862 | Desolati | Identified the amulet "Ywim" {Faith MR+ Int+4 Dex+4} (You
                  | found it in the Desolation of Salt)
 59004 | Desolati | Got a jewelled dagger
 59005 | Desolati | Identified the cursed +0 dagger of the Grave {protect, rN+}
                  | (You found it in the Desolation of Salt)
 59507 | Elf:3    | Entered Level 3 of the Elven Halls
 59540 | Elf:3    | Received a gift from Trog
 59545 | Elf:3    | Reached skill level 1 in Crossbows
 59673 | Elf:3    | Found Qiastuah's Antique Weapon Shoppe.
 59843 | Elf:3    | Identified the ring of Fosergh {rC+ rN+ Str+7}
 59858 | Elf:3    | Identified the +5 spear of Tortfeasance {pierce, rElec
                  | Int+8}
 59858 | Elf:3    | Identified the amulet "Nusou" {+Rage rPois MR- Int+4 Dex+2}
 60423 | Elf:3    | Identified the ring "Ilaemufy" {rElec rF++ MR+ AC+3 Str-2}
 60437 | Elf:3    | Received a gift from Trog
 60760 | Elf:3    | Found the +0 mask of the Dragon {MR+ Slay+3 SInv}
 60764 | Elf:3    | Identified Sif Muna's Catalogue of Stones and Bewitchment
 60800 | Elf:3    | Got a brightly glowing ring mail
 60809 | Elf:3    | Got a warped ring mail
 60811 | Elf:3    | Got a transparent chain mail
 60826 | Elf:3    | Identified the cursed +0 ring mail of the Abyss {rPois}
                  | (You found it on level 3 of the Elven Halls)
 60827 | Elf:3    | Identified the cursed +1 ring mail "Nifre" {rElec} (You
                  | found it on level 3 of the Elven Halls)
 60828 | Elf:3    | Identified the +4 chain mail "Kofaer" {-Cast rPois rN++
                  | Int+2} (You found it on level 3 of the Elven Halls)
 60887 | Elf:3    | Got a pair of scorched boots
 60894 | Elf:3    | Identified the +1 pair of boots "Isuonkyure" {Int+4} (You
                  | found it on level 3 of the Elven Halls)
 60937 | Elf:3    | Identified Tyluhudd's Incunabulum of the Rocks and
                  | Confrontation
 61047 | Elf:3    | Reached skill level 5 in Crossbows
 61486 | Elf:2    | Found a runed translucent gate.
 61486 | Elf:2    | Found a runed translucent gate.
 61487 | Elf:2    | Found a runed translucent gate.
 61859 | Elf:2    | Received a gift from Trog
 61859 | Elf:2    | Reached XP level 24. HP: 173/239 MP: 9/29
 62484 | Crypt:1  | Entered Level 1 of the Crypt
 63175 | Crypt:1  | Received a gift from Trog
 63632 | Crypt:2  | Noticed Sojobo
 63653 | Crypt:2  | Killed Sojobo
 64033 | Crypt:2  | Noticed Boris
 64045 | Crypt:2  | Killed Boris
 64077 | Crypt:2  | Noticed Jory
 64091 | Crypt:2  | Killed Jory
 64359 | Crypt:3  | Entered Level 3 of the Crypt
 64378 | Crypt:3  | Received a gift from Trog
 65003 | Crypt:3  | Found a staircase to the Tomb.
 65307 | Crypt:3  | Noticed Boris
 65321 | Crypt:3  | Killed Boris
 65496 | Crypt:3  | Found an ancient bone altar of Kikubaaqudgha.
 65717 | Crypt:3  | Noticed an ancient lich
 65739 | Crypt:3  | Killed an ancient lich
 65754 | Crypt:3  | Noticed an ancient lich
 65774 | Crypt:3  | Killed an ancient lich
 65858 | Crypt:3  | Reached XP level 25. HP: 246/249 MP: 9/29
 66182 | Tomb:1   | Entered Level 1 of the Tomb of the Ancients
 66570 | Tomb:1   | Received a gift from Trog
 66834 | Tomb:1   | Received a gift from Trog
 66918 | Tomb:1   | Noticed an ancient lich
 66927 | Tomb:1   | Noticed a greater mummy
 66929 | Tomb:1   | Killed an ancient lich
 66941 | Tomb:1   | Killed a greater mummy
 67810 | Depths:1 | Found a runed translucent door.
 67827 | Depths:1 | Found a one-way gate to the infinite horrors of the Abyss.
 67922 | Depths:1 | Found a runed translucent door.
 67989 | Depths:1 | Found a gateway to Hell.
 68224 | Depths:1 | Noticed an ancient lich
 68232 | Depths:1 | Killed an ancient lich
 68232 | Depths:1 | Received a gift from Trog
 68377 | Depths:1 | Identified the Incunabulum of Darkness
 68852 | Depths:1 | Identified the Grimoire of Beguiling
 69073 | Depths:2 | Received a gift from Trog
 69236 | Depths:2 | Noticed a juggernaut
 69247 | Depths:2 | Killed a juggernaut
 69301 | Depths:2 | Reached XP level 26. HP: 250/259 MP: 9/29
 69516 | Depths:2 | Identified Gileapt's Collected Works on Enchanting
                  | Necromancy
 69661 | Depths:2 | Noticed Asterion
 69682 | Depths:2 | Killed Asterion
 69683 | Depths:2 | Received a gift from Trog
 69815 | Depths:2 | Got a jacinth-encrusted crystal plate armour
 69819 | Depths:2 | Identified the cursed +1 crystal plate armour of Zin's
                  | Brutal Revenge {rElec Int+7} (You found it on level 2 of
                  | the Depths)
 70431 | Depths:3 | Received a gift from Trog
 70728 | Depths:3 | Found a bloodstained altar of Trog.
 70947 | Depths:3 | Found a one-way gate leading to the halls of Pandemonium.
 71090 | Depths:3 | You fall through a shaft for 2 floors!
 71090 | Depths:5 | Entered Level 5 of the Depths
 71134 | Depths:5 | Received a gift from Trog
 71582 | Depths:3 | Found a gateway to a ziggurat.
 71949 | Depths:3 | Received a gift from Trog
 72045 | Depths:3 | Got a tattered robe
 72046 | Depths:3 | Identified the +2 robe of the Trout {Str+2} (You found it
                  | on level 3 of the Depths)
 72065 | Depths:3 | Identified the +6 faerie dragon scales {rCorr Str+4}
 72065 | Depths:3 | Noticed the Enchantress
 72077 | Depths:3 | Received a gift from Trog
 72079 | Depths:3 | Killed the Enchantress
 72144 | Depths:3 | Got a scorched dagger
 72145 | Depths:3 | Identified the +1 dagger of Ambiguity {pierce, MR+ Str+3
                  | SInv} (You found it on level 3 of the Depths)
 72787 | Depths:4 | Reached XP level 27. HP: 220/269 MP: 9/29
 72864 | Depths:4 | Noticed Xtahua
 72867 | Depths:4 | Identified the ring "Xidixar" {Wiz rN++ Stlth+}
 72886 | Depths:4 | Reached skill level 27 in Fighting
 72887 | Depths:4 | Killed Xtahua
 73032 | Depths:4 | Noticed a juggernaut
 73040 | Depths:4 | Killed a juggernaut
 73040 | Depths:4 | Reached skill level 27 in Armour
 73242 | Depths:4 | Received a gift from Trog
 73863 | Depths:5 | Received a gift from Trog
 74364 | Depths:5 | Found a gate to the Realm of Zot.
 75910 | Orc:2    | Bought a scroll of magic mapping for 115 gold pieces
 75910 | Orc:2    | Bought 2 potions of curing for 198 gold pieces
 75910 | Orc:2    | Bought a potion of mutation for 264 gold pieces
 75910 | Orc:2    | Bought a scroll of teleportation for 99 gold pieces
 75946 | Orc:2    | Bought a potion of invisibility for 104 gold pieces
 75946 | Orc:2    | Bought 2 potions of agility for 104 gold pieces
 75946 | Orc:2    | Bought a scroll of teleportation for 39 gold pieces
 76612 | D:14     | Bought a scroll of identify for 30 gold pieces
 76612 | D:14     | Bought a scroll of fog for 30 gold pieces
 76612 | D:14     | Bought a scroll of teleportation for 45 gold pieces
 76612 | D:14     | Bought a scroll of magic mapping for 52 gold pieces
 76776 | Zot:1    | Entered Level 1 of the Realm of Zot
 76806 | Zot:1    | Received a gift from Trog
 78130 | Zot:2    | Received a gift from Trog
 78677 | Zot:3    | Received a gift from Trog
 78999 | Zot:3    | Noticed an orb of fire
 78999 | Zot:3    | Gained mutation: You tend to lose your temper in combat.
                  | [an orb of fire]
 79010 | Zot:3    | Killed an orb of fire
 79342 | Zot:3    | Reached skill level 27 in Axes
 79688 | Zot:4    | Identified the +3 great mace of Income {crush, +Blink Str+4
                  | Dex+5}
 79688 | Zot:4    | Identified the +0 cloak of Gehenna {rF++}
 79688 | Zot:4    | Noticed Alunk's ghost (legendary GnFi)
 79689 | Zot:4    | Identified the +1 cloak "Komnonor" {rPois MR- MP+9 Slay-5}
 79691 | Zot:4    | Identified the cursed +1 glaive "Sashiufa" {chop, *Corrode
                  | rC+ Int-3 Dex+5}
 79693 | Zot:4    | Found a bloodstained altar of Trog.
 79697 | Zot:4    | Identified the cursed +3 bardiche of Kismet {chop, rN+
                  | Int+7}
 79704 | Zot:4    | Found a transporter.
 79710 | Zot:4    | Found a transporter.
 79747 | Zot:4    | Received a gift from Trog
 79761 | Zot:4    | Killed Alunk's ghost
 79792 | Zot:4    | Got a steaming hand axe {god gift}
 79807 | Zot:4    | Identified the +8 hand axe of Xoqecra {protect, rElec Str+3
                  | Int+3 Stlth-} (Trog gifted it to you on level 4 of the
                  | Realm of Zot)
 79813 | Zot:4    | Identified the Reference Book on Spatial Flight
 79820 | Zot:4    | Got a pair of twisted boots
 79821 | Zot:4    | Identified the +1 pair of boots of Nuvewike {rElec rPois
                  | rCorr} (You found it on level 4 of the Realm of Zot)
 80703 | Zot:5    | Entered Level 5 of the Realm of Zot
 80706 | Zot:5    | Got a scorched plate armour
 80707 | Zot:5    | Identified the +0 plate armour of Mirth {*Slow rCorr Dex+9
                  | Stlth+} (You acquired it on level 5 of the Realm of Zot)
 81195 | Zot:5    | Noticed an ancient lich
 81225 | Zot:5    | Killed an ancient lich
 81289 | Zot:5    | Noticed an ancient lich
 81296 | Zot:5    | Killed an ancient lich
 81322 | Zot:5    | Noticed an orb of fire
 81330 | Zot:5    | Killed an orb of fire
 81349 | Zot:5    | Noticed an ancient lich
 81391 | Zot:5    | Received a gift from Trog
 81393 | Zot:5    | Killed an ancient lich
 81462 | Zot:5    | Noticed an ancient lich
 81484 | Zot:5    | Killed an ancient lich
 81491 | Zot:5    | Noticed an ancient lich
 81506 | Zot:5    | Killed an ancient lich
 81513 | Zot:5    | Noticed an orb of fire
 81525 | Zot:5    | Gained mutation: Potions are less effective at restoring
                  | your health. [an orb of fire]
 81533 | Zot:5    | Killed an orb of fire
 81744 | Zot:5    | Noticed an orb of fire
 81756 | Zot:5    | Killed an orb of fire
 82030 | Zot:5    | Got a dazzling leather armour
 82250 | Zot:5    | Noticed an orb of fire
 82252 | Zot:5    | Gained mutation: You are dopey. (Int -2) [an orb of fire]
 82253 | Zot:5    | Gained mutation: Your body sometimes deteriorates upon
                  | taking damage. [an orb of fire]
 82260 | Zot:5    | Gained mutation: You are weak. (Str -2) [an orb of fire]
 82264 | Zot:5    | Killed an orb of fire
 82317 | Zot:5    | Got a crude plate armour
 82470 | Zot:5    | Identified the cursed +1 leather armour of Utiomm {rC+
                  | Dex+2} (You found it on level 5 of the Realm of Zot)
 82471 | Zot:5    | Identified the +3 plate armour "Zeroj" {Dex+3} (You found
                  | it on level 5 of the Realm of Zot)
 82521 | Zot:5    | Lost mutation: You are dopey. (Int -2) [potion of mutation]
 82521 | Zot:5    | Lost mutation: You are weak. (Str -2) [potion of mutation]
 82521 | Zot:5    | Lost mutation: You tend to lose your temper in combat.
                  | [potion of mutation]
 82521 | Zot:5    | Gained mutation: Your spells are a little harder to cast,
                  | but a little more powerful. [potion of mutation]
 82522 | Zot:5    | Lost mutation: Your spells are a little harder to cast, but
                  | a little more powerful. [potion of mutation]
 82522 | Zot:5    | Lost mutation: Your body sometimes deteriorates upon taking
                  | damage. [potion of mutation]
 82522 | Zot:5    | Lost mutation: Potions are less effective at restoring your
                  | health. [potion of mutation]
 82522 | Zot:5    | Gained mutation: You have a somewhat thin skeletal
                  | structure. (Dex +2, Stealth) [potion of mutation]
 82522 | Zot:5    | Gained mutation: You passively map a small area around you.
                  | [potion of mutation]
 82522 | Zot:5    | Gained mutation: Your magical capacity is low. (-10% MP)
                  | [potion of mutation]
 82522 | Zot:5    | Gained mutation: You expend magic power (3 MP) to
                  | strengthen your wands. [potion of mutation]
 82525 | Zot:5    | Got the Orb of Zot
 82545 | Zot:5    | Noticed Gackyps the pandemonium lord
 82728 | Depths:5 | Noticed Axorph the pandemonium lord
 82729 | Depths:5 | Gained mutation: You are clumsy. (Dex -2) [a cacodemon]
 82976 | D:9      | Noticed Ciyluisk the pandemonium lord
 83166 | D:1      | Received a gift from Trog
 83211 | D:$      | Escaped with the Orb!

Skill      XL: |  1  2  3  4  5  6  7  8  9 10 11 12 13 14 15 16 17 18 19 20 21 22 23 24 25 26 27 |
---------------+----------------------------------------------------------------------------------+-----
Axes           | 4 5 6 9 12 14 15 16 17 18 19 20 21 22 23 24 27 | 27.0
Fighting       | 4 5 6 7 9 10 12 13 14 15 17 18 19 20 21 22 23 24 25 26 27 | 27.0
Armour         | 3 4 5 6 7 9 10 11 13 14 15 17 18 19 20 21 22 23 24 25 26 27 | 27.0
Shields        | 1 3 4 5 6 8 10 11 12 14 15 22 | 22.7
Maces & Flails | 2 3 5 7 9 10 12 13 | 13.4
Dodging        | 4 7 10 11 12 14 15 16 18 19 25 | 25.1
Evocations     | 5 7 9 10 | 10.0
Crossbows      | 5 7 |  7.0

Action                   |  1- 3 |  4- 6 |  7- 9 | 10-12 | 13-15 | 16-18 | 19-21 | 22-24 | 25-27 || total
-------------------------+-------+-------+-------+-------+-------+-------+-------+-------+-------++-------
Melee: Hand axe          |    75 |   136 |       |       |       |       |       |       |       ||   211
       Headbutt          |    13 |    37 |    79 |   163 |   255 |   456 |   426 |   532 |   780 ||  2741
       Flail             |       |    50 |   380 |    14 |       |       |       |       |       ||   444
       Demon whip        |       |       |       |   780 |   244 |       |       |       |       ||  1024
       War axe           |       |       |       |       |   690 |  1640 |  1163 |       |       ||  3493
       Executioner's axe |       |       |       |       |    11 |     8 |    21 |       |    20 ||    60
       Unarmed           |       |       |       |       |       |     4 |       |       |     5 ||     9
       Broad axe         |       |       |       |       |       |       |   139 |  1630 |  2197 ||  3966
 Fire: Hunting sling     |       |       |       |       |     3 |       |       |       |       ||     3
       Arbalest          |       |       |       |       |       |     5 |       |       |       ||     5
Invok: Berserk           |       |     2 |     4 |     4 |     8 |    13 |    25 |    14 |     8 ||    78
       Trog's Hand       |       |       |       |     1 |     2 |    11 |    24 |    17 |    15 ||    70
       Brothers in Arms  |       |       |       |       |       |     1 |     1 |     1 |     3 ||     6
 Abil: Evoke Blink       |       |       |       |       |       |     1 |       |       |       ||     1
  Use: Scroll            |       |     1 |     1 |    14 |     6 |    15 |    16 |    21 |    38 ||   112
       Potion            |       |       |       |       |       |     1 |     6 |     3 |     9 ||    19
 Stab: Held in net/web   |       |       |       |       |     1 |       |       |       |       ||     1
       Distracted        |       |       |       |       |       |       |     2 |       |     1 ||     3
  Eat: Chunk             |     1 |     9 |    17 |    24 |    27 |    53 |    54 |    28 |    43 ||   256
       Ration            |       |       |     1 |     1 |     5 |     5 |     4 |    11 |     9 ||    36
Armor: Leather armour    |     2 |       |       |       |       |       |       |       |       ||     2
       Animal skin       |     1 |       |       |       |       |       |       |       |       ||     1
       Ring mail         |    23 |    31 |       |       |       |       |       |       |       ||    54
       Scale mail        |       |    39 |     9 |       |       |       |       |       |       ||    48
       Chain mail        |       |       |   158 |   105 |       |       |       |       |       ||   263
       Plate armour      |       |       |       |   189 |   598 |   843 |   379 |   509 |   363 ||  2881
       Fire dragon scale |       |       |       |       |       |       |    35 |       |       ||    35
       Gold dragon scale |       |       |       |       |       |       |       |       |   334 ||   334
Dodge: Dodged            |    29 |    61 |   108 |   116 |   313 |   620 |   418 |   516 |   898 ||  3079
Block: Shield            |    34 |   131 |   282 |   392 |   881 |  1072 |   822 |   892 |  1481 ||  5987
